 Dungeon Crawl Stone Soup version 0.24.0-125-gc4c63601f3 (webtiles) character file.

Game seed: 1480126345580933886, levelgen mode: deterministic

223 nightchill the Poker (level 6, 0/49 HPs)
             Began as a Merfolk Abyssal Knight on Feb 21, 2020.
             Was a Believer of Lugonu.
             Succumbed to a scorpion's poison
             ... on level 5 of the Dungeon.
             The game lasted 00:13:04 (4266 turns).

nightchill the Poker (Merfolk Abyssal Knight)       Turns: 4266, Time: 00:13:04

Health: 0/49       AC:  5    Str: 14    XL:     6   Next: 0%
Magic:  8/8        EV: 12    Int: 11    God:    Lugonu [**....]
Gold:   144        SH:  0    Dex: 14    Spells: 5/5 levels left

rFire    . . .     SeeInvis .   a - +1 spear
rCold    . . .     Gourm    +   (no shield)
rNeg     + . .     Faith    .   j - +0 ring mail
rPois    .         Spirit   .   (no helmet)
rElec    .         Reflect  .   (no cloak)
rCorr    .         Harm     .   (no gloves)
MR       .....                  (no boots)
Stlth    +.........             r - amulet of the gourmand
HPRegen  0.16/turn              p - ring of positive energy
MPRegen  0.11/turn              (no ring)

@: lethally poisoned (0 -> -20)
A: change form in water, swift swim, stealthy swim
a: Depart the Abyss, Bend Space, Renounce Religion


You were on level 5 of the Dungeon.
You worshipped Lugonu.
Lugonu was pleased with you.
You were not hungry.

You visited 1 branch of the dungeon, and saw 5 of its levels.
You visited the Abyss 1 time.

You collected 144 gold pieces.

Inventory:

Hand Weapons
 a - a +1 spear (weapon)
 b - a +1 hunting sling
Missiles
 d - 10 atropa-tipped darts (quivered)
 e - 24 sling bullets
 m - 74 stones
 t - 3 poisoned darts
Armour
 j - a +0 ring mail (worn)
 q - a +0 leather armour
Jewellery
 p - a ring of positive energy (left hand)
 r - an amulet of the gourmand (around neck)
Scrolls
 f - 2 scrolls of enchant weapon
 g - 3 scrolls of teleportation
 h - 2 scrolls of remove curse
 i - a scroll of noise {unknown}
 k - a scroll of amnesia {unknown}
 n - a scroll of enchant armour
Comestibles
 c - 7 rations


   Skills:
 + Level 4.4 Fighting
 * Level 6.2 Polearms
 - Level 0.6 Armour
 + Level 3.5 Dodging
 + Level 3.4 Invocations


You had 5 spell levels left.
You didn't know any spells.
Your spell library was empty.

Dungeon Overview and Level Annotations

Branches:
Dungeon (5/15)
 Temple: D:4-7

Altars:
Gozag
Hepliaklqana
Sif Muna

Annotations:
D:5 exclusion: upstairs


Message History

You feel sick. The scorpion stings you.
* * * LOW HITPOINT WARNING * * *
You barely miss the scorpion.
The scorpion is almost dead.
* * * LOW HITPOINT WARNING * * *
You feel sick. The scorpion barely misses you.
You closely miss the scorpion.
The scorpion is almost dead.
* * * LOW HITPOINT WARNING * * *
You feel sick.
You closely miss the scorpion.
The scorpion is almost dead.
* * * LOW HITPOINT WARNING * * *
You feel sick. The scorpion stings you!
* * * LOW HITPOINT WARNING * * *
You are more poisoned.
The scorpion poisons you!
You hit the scorpion.
The scorpion is almost dead.
You die...

.....................#
#...........###.###.##
#.###.##.##.# #.#
#..######## #.##.##.###+#
#..........
#.##.##.###_+..........##
#.##...(###'###..>..##.##
##.#..##.# #.# #..........
#........###.###.#.#.##.##
#.......s@.......#.#.##.##
#.##..##.#...##..#.#......
##.##..#.#####......#.##...
##...#..## ....### ###.
####......s# ##### #.
#...........# #.
...........## #.####.
#.#..#...#.# #...... #
#..#####.# #.......


You could see a scorpion.

Vanquished Creatures
  A killer bee (D:3)
  A bullfrog skeleton (D:5)
  A worker ant (D:3)
  A gnoll (D:3)
  3 adders
  4 oozes
  2 worms (D:2)
  2 leopard geckos
  2 orcs
  7 giant cockroaches
  6 goblins
  11 hobgoblins
  3 jackals (D:1)
  A quokka (D:2)
  A ball python (D:1)
  4 bats
  11 frilled lizards
  5 kobolds
  A quokka zombie (D:3)
  5 rats
72 creatures vanquished.

Notes
Turn   | Place    | Note
-------+----------+-------------------------------------------
     0 | Abyss:1  | nightchill the Merfolk Abyssal Knight began the quest for
                  | the Orb.
     0 | Abyss:1  | Reached XP level 1. HP: 18/18 MP: 2/2
    26 | Abyss:1  | Noticed a thrashing horror
    28 | D:1      | Escaped the Abyss
   194 | D:1      | Reached XP level 2. HP: 11/24 MP: 3/3
   472 | D:1      | Reached * piety under Lugonu
   474 | D:1      | Reached skill level 4 in Polearms
   511 | D:1      | Reached XP level 3. HP: 29/29 MP: 4/4
  1632 | D:2      | Found a faded altar of an unknown god.
  1883 | D:2      | Reached XP level 4. HP: 37/37 MP: 6/6
  2184 | D:3      | Found an opulent altar of Gozag.
  2274 | D:3      | Reached ** piety under Lugonu
  2274 | D:3      | Reached skill level 5 in Polearms
  2538 | D:3      | Found a shimmering blue altar of Sif Muna.
  3048 | D:3      | Reached XP level 5. HP: 22/42 MP: 7/7
  3279 | D:3      | Reached skill level 6 in Polearms
  3722 | D:5      | Entered Level 5 of the Dungeon
  4066 | D:5      | Found a hazy altar of Hepliaklqana.
  4070 | D:5      | Reached XP level 6. HP: 42/49 MP: 8/8
  4265 | D:5      | HP: 2/49 [scorpion (8)]
  4266 | D:5      | Succumbed to a scorpion's poison

Levels and vault maps discovered:
D:1:      nicolae_arrival_somewhat_less_tricky_arrival, layout_basic
D:2:      layout_basic, chequers_ecumenical_altar_simple_redux, first_ration,
          minmay_octomino_e4
D:3:      layout_loops_ring, nicolae_overflow_hidden_temple, old_standard_altar,
          minmay_joined_circles
D:4:      layout_loops_ring, marbit_many_paths, okawaru_trees_2
D:5:      minmay_angry_zag, layout_loops_ring, lemuel_doored_altar,
          minmay_temple_entry_glass

Skill      XL: |  1  2  3  4  5 |
---------------+----------------+-----
Polearms       | 4 5 6 |  6.2
Fighting       | 4 |  4.4
Invocations    | 3 |  3.4
Dodging        | 3 |  3.5
Armour         | |  0.6

Action                   |  1- 3 |  4- 6 || total
-------------------------+-------+-------++-------
Melee: Spear             |   116 |   202 ||   318
Invok: Depart the Abyss  |     1 |       ||     1
       Bend Space        |       |     2 ||     2
  Use: Scroll            |       |     9 ||     9
       Potion            |       |     5 ||     5
 Stab: Invisible         |       |     1 ||     1
  Eat: Chunk             |     3 |     9 ||    12
Armor: Leather armour    |     2 |       ||     2
       Ring mail         |    20 |    25 ||    45
Dodge: Dodged            |    46 |   102 ||   148
